 Dungeon Crawl Stone Soup version 0.29-a0-668-g12ee2bf84d (webtiles) character file.

Game seed: 9321157557451383207

2338 Sabo the Cleaver (level 9, -1/79 HPs)
             Began as a Hill Orc Fighter on June 23, 2022.
             Was a Believer of Makhleb.
             Slain by a two-headed ogre
             ... wielding a +0 giant club
              (2 damage)
             ... on level 6 of the Dungeon.
             The game lasted 00:45:23 (9274 turns).

Sabo the Cleaver (Hill Orc Fighter)                 Turns: 9274, Time: 00:45:23

Health: -1/79      AC: 17    Str: 28    XL:     9   Next: 43%
Magic:  9/9        EV: 11    Int:  8    God:    Makhleb [**....]
Gold:   318        SH:  5    Dex: 13    Spells: 8/8 levels left

rFire   . . .      SeeInvis +   J - +1 war axe (vorpal)
rCold   . . .      Faith    .   c - +0 buckler
rNeg    . . .      Spirit   .   t - +4 ring mail of the Lair of Beasts {Dex+3}
rPois   .          Reflect  .   q - +2 helmet
rElec   .          Harm     .   m - +0 cloak
rCorr   .          Rampage  .   G - +0 pair of gloves
Will    +....                   v - +0 pair of boots
Stlth   +.........              p - amulet of Cifyurch {Acrobat Str+5 SInv}
HPRegen 0.23/turn               l - ring of willpower
MPRegen 0.11/turn               (no ring)

@: mighty
A: no striking features
a: Renounce Religion, Minor Destruction


You were on level 6 of the Dungeon.
You worshipped Makhleb.
Makhleb was pleased with you.
You visited 2 branches of the dungeon, and saw 7 of its levels.
You also visited: Sewer.

You collected 318 gold pieces.

Inventory:

Hand Weapons
 a - a +2 quarterstaff of chaos
 i - a +3 short sword
 E - a +0 shortbow
 J - a +1 vorpal war axe (weapon)
Missiles
 b - a curare-tipped dart
 w - 6 poisoned darts (quivered)
 B - a throwing net
Armour
 c - a +0 buckler (worn)
 m - a +0 cloak (worn)
 q - a +2 helmet (worn)
 t - the +4 ring mail of the Lair of Beasts (worn) {Dex+3}
   (You found it on level 6 of the Dungeon)

   Dex:       It affects your dexterity (+3).
 v - a +0 pair of boots (worn)
 G - a +0 pair of gloves (worn)
Jewellery
 l - a ring of willpower (left hand)
 p - the amulet of Cifyurch (around neck) {Acrobat Str+5 SInv}
   (You acquired it on level 4 of the Dungeon)

   [amulet of the acrobat]

   It increases your evasion while moving and waiting.
   Str:       It affects your strength (+5).
   SInv:      It lets you see invisible.
Wands
 j - a wand of mindburst (4)
Scrolls
 f - 5 scrolls of teleportation
 n - a scroll of blinking {unknown}
 s - a scroll of brand weapon {unknown}
 y - 3 scrolls of magic mapping
 A - 3 scrolls of fog
 C - a scroll of summoning {unknown}
 F - a scroll of silence {unknown}
 H - a scroll of enchant weapon {unknown}
Potions
 d - 2 potions of might
 e - a potion of degeneration {unknown}
 g - a potion of magic {unknown}
 h - 7 potions of curing
 k - a potion of heal wounds {unknown}
 o - 8 potions of flight
 r - a potion of haste {unknown}
 u - a potion of resistance {unknown}
 z - a potion of lignification {unknown}
 D - a potion of brilliance {unknown}


   Skills:
 + Level 7.1 Fighting
 + Level 10.6 Axes
 + Level 7.1 Armour
 + Level 2.8 Dodging
 + Level 1.3 Stealth
 + Level 5.1 Shields


You had 8 spell levels left.
You didn't know any spells.
Your spell library contained the following spells:

 Spells                   Type           Power      Damage    Failure   Level
 Beastly Appendage        Tmut           0%         N/A       61%         1
 Sandblast                Erth           0%         2d4       61%         1
 Blink                    Tloc           0%         N/A       75%         2
 Passwall                 Tmut/Erth      0%         N/A       75%         2
 Static Discharge         Conj/Air       0%         N/A       75%         2
 Wereblood                Tmut           0%         N/A       75%         2
 Ozocubu's Armour         Ice            0%         N/A       93%         3
 Spider Form              Tmut/Pois      0%         N/A       93%         3
 Stone Arrow              Conj/Erth      0%         3d7       93%         3
 Olgreb's Toxic Radiance  Pois           0%         N/A       100%        4
 Lightning Bolt           Conj/Air       0%         1d11      100%        5
 Manifold Assault         Tloc           0%         N/A       100%        5
 Metabolic Englaciation   Hex/Ice        0%         N/A       100%        5
 Dispersal                Tloc           0%         N/A       100%        6
 Simulacrum               Ice/Necr       0%         N/A       100%        6
 Ozocubu's Refrigeration  Ice            0%         4d5       100%        7
 Storm Form               Tmut/Air       0%         N/A       100%        7
 Disjunction              Tloc           0%         N/A       100%        8
 Ignition                 Fire           0%         3d3       100%        8
 Maxwell's Capacitive Co  Air            0%         ∞         100%        8


Dungeon Overview and Level Annotations

Branches:
Dungeon (6/15)             Temple (1/1) D:5           Sewer (visited)

Altars:
Cheibriados
Dithmenos
Gozag
Hepliaklqana
Kikubaaqudgha
Makhleb
Okawaru
Qazlal
Ru
Sif Muna
Uskayaw
Vehumet
Wu Jian
Xom
Yredelemnul
Zin
The Shining One

Shops:
D:2 **   D:5 :*=


Message History

The two-headed ogre is moderately wounded.
You block the two-headed ogre's attack. The two-headed ogre barely misses you.
You slash the two-headed ogre!
The two-headed ogre is heavily wounded.
You slash the two-headed ogre!
The two-headed ogre is severely wounded.
The two-headed ogre closely misses you.
The two-headed ogre hits you with a +0 giant club.
You hit the two-headed ogre but do no damage.
The two-headed ogre is severely wounded.
The two-headed ogre barely misses you.
The two-headed ogre hits you with a +0 giant club!
You hit the two-headed ogre but do no damage.
The two-headed ogre is heavily wounded.
You hit the two-headed ogre.
The two-headed ogre is severely wounded.
The two-headed ogre hits you with a +0 giant club!!
The two-headed ogre closely misses you.
You hit the two-headed ogre.
The two-headed ogre is severely wounded.
The two-headed ogre hits you with a +0 giant club.
The two-headed ogre hits you but does no damage.
You barely miss the two-headed ogre.
The two-headed ogre is severely wounded.
The two-headed ogre hits you with a +0 giant club!!
* * * LOW HITPOINT WARNING * * *
The two-headed ogre hits you with a +0 giant club.
* * * LOW HITPOINT WARNING * * *
You closely miss the two-headed ogre.
The two-headed ogre is severely wounded.
You slash the two-headed ogre!
The two-headed ogre is almost dead.
The two-headed ogre hits you with a +0 giant club!
* * * LOW HITPOINT WARNING * * *
The two-headed ogre hits you with a +0 giant club.
* * * LOW HITPOINT WARNING * * *
You feel very mighty all of a sudden. You block the two-headed ogre's attack.
The two-headed ogre hits you with a +0 giant club.
You die...

.# #.# .#
#.# +# #.#
#.#
#.########
#........#
########.#
#.# #@#
#O# #.#
..# ..#
.### . .♣


You could see a two-headed ogre.

Vanquished Creatures
  The ghost of ultragoat the Firebug, a novice HOCA of Ignis (D:5)
  The ghost of YayAnonymity the Conjurer, a novice OgHW of Ashenzari (D:5)
  An ice beast (D:6)
  A sky beast (D:5)
  A centaur (D:5)
  A phantom (D:5)
  A kobold brigand (D:6)
  3 scorpions
  3 necrophages
  The ghost of DocClef the Sneak, a weakling DrDe (D:5)
  A jelly (D:5)
  3 hounds
  A gnoll shaman (D:5)
  Crazy Yiuf (D:5)
  2 orc wizards
  3 iguanas (D:5)
  4 gnolls
  17 adders
  5 river rats (Sewer)
  A shadow imp (D:6)
  5 ufetubi
  A dart slug (D:2)
  20 orcs
  18 ball pythons
  11 bats
  7 endoplasms
  16 giant cockroaches
  7 hobgoblins
  10 jackals
  6 quokkas
  3 frilled lizards
  7 goblins
  8 kobolds
  7 rats
178 creatures vanquished.

Vanquished Creatures (others)
  4 withered plants (D:5)
4 creatures vanquished.

Grand Total: 182 creatures vanquished

Notes
Turn   | Place    | Note
-------+----------+-------------------------------------------
     0 | D:1      | Sabo the Hill Orc Fighter began the quest for the Orb.
     0 | D:1      | Reached XP level 1. HP: 19/19 MP: 1/1
   140 | D:1      | Reached XP level 2. HP: 23/27 MP: 2/2
   411 | D:1      | Reached skill level 3 in Axes
   825 | D:1      | Reached XP level 3. HP: 29/33 MP: 3/3
  1568 | D:2      | Found a faded altar of an unknown god.
  1814 | D:2      | Reached XP level 4. HP: 38/41 MP: 4/4
  1853 | D:2      | Found Saxifrua's General Store.
  1973 | D:2      | Found Bokloj's General Store.
  2351 | D:2      | Identified a scroll of acquirement
  3134 | D:3      | Reached skill level 4 in Axes
  3315 | D:3      | Reached XP level 5. HP: 36/47 MP: 5/5
  3942 | D:4      | Acquired the amulet of Cifyurch {Acrobat Str+5 SInv}
  4268 | D:4      | Reached skill level 5 in Axes
  4268 | D:4      | Reached skill level 1 in Dodging
  4268 | D:4      | Reached XP level 6. HP: 7/53 MP: 6/6
  4548 | D:4      | Found an ancient bone altar of Kikubaaqudgha.
  4548 | D:4      | Found a glowing silver altar of Zin.
  5510 | D:4      | Reached skill level 5 in Fighting
  5510 | D:4      | Reached skill level 6 in Axes
  5534 | D:4      | Reached skill level 5 in Armour
  5534 | D:4      | Reached XP level 7. HP: 53/61 MP: 7/7
  5674 | D:5      | Entered Level 5 of the Dungeon
  5720 | D:5      | Found a staircase to the Ecumenical Temple.
  5731 | D:5      | Reached skill level 1 in Stealth
  5740 | Temple   | Entered the Ecumenical Temple
  5963 | Temple   | Became a worshipper of Makhleb the Destroyer
  6065 | D:5      | Found Ceforer's Jewellery Emporium.
  6067 | D:5      | Found Ydoleem's General Store.
  6068 | D:5      | Found Doucen's Book Shop.
  6108 | D:5      | Reached skill level 7 in Axes
  6224 | D:5      | Found a glowing drain.
  6228 | Sewer    | Entered a sewer
  6315 | Sewer    | Reached XP level 8. HP: 66/70 MP: 8/8
  6317 | Sewer    | Reached * piety under Makhleb
  7011 | D:5      | Reached skill level 8 in Axes
  7468 | D:5      | Found a runed translucent door.
  7469 | D:5      | Noticed Crazy Yiuf
  7475 | D:5      | Killed Crazy Yiuf
  7685 | D:5      | Found a runed translucent gate.
  7686 | D:5      | Found a runed translucent gate.
  7687 | D:5      | Found a runed translucent gate.
  7687 | D:5      | Noticed YayAnonymity's ghost (novice OgHW)
  7688 | D:5      | Noticed ultragoat's ghost (novice HOCA)
  7689 | D:5      | Noticed DocClef's ghost (weakling DrDe)
  8248 | D:5      | Killed ultragoat's ghost
  8249 | D:5      | Reached skill level 9 in Axes
  8249 | D:5      | Reached XP level 9. HP: 70/78 MP: 9/9
  8253 | D:5      | Killed DocClef's ghost
  8269 | D:5      | Killed YayAnonymity's ghost
  8270 | D:5      | Reached skill level 10 in Axes
  8750 | D:6      | Reached ** piety under Makhleb
  8951 | D:6      | Identified the +4 ring mail of the Lair of Beasts {Dex+3}
  9219 | D:6      | Reached skill level 5 in Shields
  9257 | D:6      | Noticed a two-headed ogre
  9273 | D:6      | HP: 3/79 [two-headed ogre/+0 giant club (13)]
  9273 | D:6      | HP: 1/79 [two-headed ogre/+0 giant club (2)]
  9274 | D:6      | Slain by a two-headed ogre

Illustrated notes

Levels and vault maps discovered:
D:1:      psy_arrival_heroes, layout_loops_corners
D:2:      layout_loops_ring, serial_shops, nicolae_lakefront_shop, shop,
          ebering_ecumenical_altar_petrified
D:3:      layout_basic, minmay_divided_ellipse
D:4:      layout_basic, gammafunk_temple_overflow_statue,
          kennysheep_generic_room_8
D:5:      minmay_evil_eye, layout_loops_ring, minmay_temple_entry_sparse_star,
          gup_sewer_entry_bowl, gammafunk_ghost_cemetery,
          nicolae_wooded_promenade, minmay_fractal_squares_5,
          uniq_crazy_yiuf_cottage
D:6:      layout_loops_corners, roderic_lattice_a, nicolae_shop_fire_sale
          [nicolae_sub_dead_trees], kennysheep_decorative_pillar
Temple:   regret_index_temple_waves

Skill      XL: |  1  2  3  4  5  6  7  8  9 |
---------------+----------------------------+-----
Fighting       | 4 5 6 7 |  7.1
Axes           | 3 4 5 6 7 9 10 | 10.6
Armour         | 4 5 6 7 |  7.1
Dodging        | 1 2 |  2.8
Shields        | 4 5 |  5.1
Stealth        | 1 |  1.3

Action                   |  1- 3 |  4- 6 |  7- 9 || total
-------------------------+-------+-------+-------++-------
Melee: War axe           |    93 |   166 |   331 ||   590
  Use: Scroll            |       |     6 |     2 ||     8
       Potion            |       |     1 |     6 ||     7
Armor: Scale mail        |    51 |    87 |   141 ||   279
       Ring mail         |       |       |    10 ||    10
Dodge: Dodged            |    50 |    94 |   227 ||   371
Block: Buckler           |    34 |    40 |    91 ||   165

Table legend: (Time is in decaauts)
 A = Elapsed time spent in this place.
 B = Non-inter-level travel time spent in this place.
 C = Inter-level travel time spent in this place.
 D = Time resting spent in this place.
 E = Time spent auto-exploring this place.
 F = Levels seen in this place.
 G = Mean time per level.
                   A        B        C        D        E       F      G
               +--------+--------+--------+--------+--------+-----+--------+
         Total |   9579 |   9573 |      6 |   2076 |      0 |   8 | 1197.4 |
       Dungeon |   8404 |   8398 |      6 |   1876 |      0 |   6 | 1400.7 |
        Temple |    268 |    268 |      0 |     54 |      0 |   1 |  268.0 |
         Sewer |    906 |    906 |      0 |    146 |      0 |   1 |  906.0 |
               +--------+--------+--------+--------+--------+-----+--------+

Top non-repeatable levels by time:
     D:5: 2069 daAuts
     D:4: 1759 daAuts
     D:3: 1609 daAuts
     D:1: 1481 daAuts
     D:2: 911 daAuts
   Sewer: 906 daAuts
     D:6: 572 daAuts
  Temple: 268 daAuts
